AoeStats
← MatzeAoE

MegaRandom

505756265Analyzed
2v2 RM · 21d ago on Sep 10, 2026· 23m 35s· 4 players
Game mode
Random Map
Map size
Medium (4 player)
Population
200
Speed
Normal
Resources
Standard
Victory
Conquest
Starting age
Dark Age
Ending age
Imperial Age
RankedLock teamsTeams togetherTeam positionsShared explorationLock speedFull tech treeHidden civsTurbo modeCheats
Victory
Defeat
🇦🇺 Mongols · Australia
1779
+5
🇮🇱 Maya · Israel
1572
+10
🇩🇪 Mongols · Germany
1528
-9
🇩🇪 Vietnamese · Germany
1416
-6
Mø
8:19 Loom
12:20 Feudal Age
13:26 Double-Bit Axe
16:36 Wheelbarrow
16:01 Fletching
20:22 Castle Age
18:21 Horse Collar
19:21 Gold Mining
20:32 Crossbowman
21:23 Bodkin Arrow
23:18 Bow Saw
23:13 Padded Archer Armor
Kaydos
8:04 Loom
11:45 Feudal Age
16:17 Castle Age
15:31 Double-Bit Axe
21:24 Fletching
Red_Iffun
9:35 Loom
11:52 Feudal Age
12:48 Double-Bit Axe
12:45 Horse Collar
18:58 Castle Age
17:44 Fletching
18:32 Gold Mining
19:14 Padded Archer Armor
19:42 Elite Skirmisher
20:19 Stone Mining
20:50 Bow Saw
22:10 Leather Archer Armor
23:20 Heavy Plow
23:47 Bodkin Arrow
MatzeAoE
7:34 Loom
9:53 Feudal Age
10:11 Man-at-Arms
11:06 Arson
14:18 Horse Collar
15:11 Double-Bit Axe
18:06 Wheelbarrow
21:30 Castle Age
23:10 Bow Saw
23:26 Heavy Plow
Connection lost

Rejoining the realm…

Still unreachable

The connection could not be restored.

Session expired

The server has moved on; the page needs a fresh start.